 Dungeon Crawl Stone Soup version 0.28-a0-730-g892d06dc2c (webtiles) character file.

Game seed: 5242405993898695643

20 cheechan the Skirmisher (level 2, 0/28 HPs)
             Began as a Naga Fighter on Oct 28, 2021.
             Slain by a goblin (3 damage)
             ... led by Robin
             ... on level 2 of the Dungeon.
             The game lasted 00:00:26 (51 turns).

cheechan the Skirmisher (Naga Fighter)                Turns: 51, Time: 00:00:26

Health: 0/28       AC:  4    Str: 18    XL:     2   Next: 79%
Magic:  2/2        EV:  7    Int:  8    God:
Gold:   0          SH:  4    Dex: 10    Spells: 1/1 levels left

rFire   . . .      SeeInvis +   a - +0 war axe
rCold   . . .      Faith    .   c - +0 buckler
rNeg    . . .      Spirit   .   b - +0 scale mail
rPois   +          Reflect  .   (no helmet)
rElec   .          Harm     .   (no cloak)
rCorr   .          Rampage  .   (no gloves)
Will    .....                   (no barding)
Stlth   ..........              (no amulet)
HPRegen 0.09/turn               (no ring)
MPRegen 0.08/turn               (no ring)

@: mighty, very slow
A: AC +0, large, see invisible, deformed body, poison resistance, slowness 2,
spit poison 1, naga tail 1
a: Spit Poison


You were on level 2 of the Dungeon.
You visited 1 branch of the dungeon, and saw 2 of its levels.

Inventory:

Hand Weapons
 a - a +0 war axe (weapon)
Armour
 b - a +0 scale mail (worn)
 c - a +0 buckler (worn)


   Skills:
 + Level 3.1 Fighting
 + Level 2.6 Axes
 + Level 2.6 Armour
 + Level 2.5 Shields


You had one spell level left.
You didn't know any spells.
Your spell library was empty.

Dungeon Overview and Level Annotations

Branches:
Dungeon (1/15)

Altars:

Annotations:
D:2 Robin


Innate Abilities, Weirdness & Mutations

Your serpentine skin is tough. (AC +0)
You have supernaturally acute eyesight. (SInv)
Armour fits poorly on your strangely shaped body.
Your system is resistant to poisons. (rPois)
You cover ground very slowly.
You can spit poison.
You have a snake-like lower body.


Message History

Unknown command.
You closely miss the hobgoblin.
The hobgoblin hits you but does no damage. x2
A goblin comes into view. It is wielding a +0 club.
You closely miss the hobgoblin.
The goblin shouts!
You slash the goblin!
You kill the goblin!
The adder bites you. The hobgoblin hits you.
* * * LOW HITPOINT WARNING * * *
Robin roars a battlecry!
The goblin goes into a battle-frenzy!
Level annotation: Robin Welcome back, cheechan the Naga Fighter.
Press ? for a list of commands and other information.
You feel very mighty all of a sudden.
You have got your breath back.
The adder bites you but does no damage. The hobgoblin barely misses you.
Robin throws the goblin at you!
* * * LOW HITPOINT WARNING * * *
The adder barely misses you.
You slash the hobgoblin!
You kill the hobgoblin!
You slash the adder!
You kill the adder!
You barely miss the goblin. The goblin hits you with a +0 club.
* * * LOW HITPOINT WARNING * * *
Robin throws the goblin at you! You block the goblin's attack.
A goblin comes into view. It is wielding a +0 dagger.
The goblin barely misses you.
You barely miss the goblin. You slash the goblin!
You kill the goblin!
Robin throws the goblin at you! You block the goblin's attack.
The goblin closely misses you.
Robin roars a battlecry!
The goblin goes into a battle-frenzy!
You slash the goblin!
You kill the goblin!
You closely miss the goblin. The goblin hits you with a +0 club.
You die...

#.. #.# #g# #.#
#g#
#######.######.
.......))......
#####.#@##
#.....).g#
#.###.#........
#...#.##.#.#...
###.#.# .#.# #
#.#.. .. #
#.#.# ###
#####.#.#
#..##.#>.


You could see Robin and 2 goblins.

Vanquished Creatures
  An adder (D:2)
  An endoplasm (D:2)
  5 goblins
  2 hobgoblins
  A quokka (D:2)
10 creatures vanquished.

Notes
Turn   | Place    | Note
-------+----------+-------------------------------------------
     0 | D:1      | cheechan the Naga Fighter began the quest for the Orb.
     0 | D:1      | Reached XP level 1. HP: 21/21 MP: 1/1
    14 | D:1      | You fall into a shaft and drop 1 floor!
    43 | D:2      | Noticed Robin
    46 | D:2      | Reached XP level 2. HP: 11/28 MP: 2/2
    51 | D:2      | Slain by a goblin

Illustrated notes

Levels and vault maps discovered:
D:1:      wander_arrival_lonely_grave, layout_loops_ring
D:2:      layout_basic, uniq_robin, uniq_natasha

Action                   || total
-------------------------++-------
Melee: War axe           ||    18
 Abil: Spit Poison       ||     2
  Use: Potion            ||     1
Armor: Scale mail        ||     7
Dodge: Dodged            ||    11
Block: Buckler           ||     4

Table legend: (Time is in decaauts)
 A = Elapsed time spent in this place.
 B = Non-inter-level travel time spent in this place.
 C = Inter-level travel time spent in this place.
 D = Time resting spent in this place.
 E = Time spent auto-exploring this place.
 F = Levels seen in this place.
 G = Mean time per level.
                   A        B        C        D        E       F      G
               +--------+--------+--------+--------+--------+-----+--------+
         Total |     69 |     69 |      0 |      0 |      0 |   2 |   34.5 |
       Dungeon |     69 |     69 |      0 |      0 |      0 |   2 |   34.5 |
               +--------+--------+--------+--------+--------+-----+--------+

Top non-repeatable levels by time:
     D:2: 50 daAuts
     D:1: 19 daAuts
